 Dungeon Crawl Stone Soup version 0.21-a0-442-g848f44b (webtiles) character file.

275 kae the Insei (level 6, -5/50 HPs)
             Began as a Draconian Transmuter on Nov 16, 2017.
             Slain by a mummy (6 damage)
             ... on level 4 of the Dungeon.
             The game lasted 00:07:01 (4983 turns).

kae the Insei (Draconian Transmuter)                Turns: 4983, Time: 00:07:01

Health: -5/50      AC:  9    Str: 12    XL:     6   Next: 3%
Magic:  9/10       EV: 11    Int: 14    God:
Gold:   218        SH:  3    Dex: 11    Spells: 4/10 levels left

rFire    . . .     SeeInvis .   m - +1 mace
rCold    . . .     Gourm    .   k - +0 buckler
rNeg     . . .     Faith    .   (armour unavailable)
rPois    .         Spirit   .   (helmet restricted)
rElec    .         Reflect  .   s - +0 cloak {MR+}
rCorr    .         Harm     .   (no gloves)
MR       +....     Rnd*Rage +   i - +1 pair of boots
Stlth    +.........             (no amulet)
HPRegen  0.16/turn              (no ring)
MPRegen  0.12/turn              (no ring)

@: no status effects
A: unfitting armour, stinger 1, berserk 1, blurry vision 1, clumsy 1,
cold-blooded, AC +6
a: no special abilities


You were on level 4 of the Dungeon.
You were hungry.

You visited 1 branch of the dungeon, and saw 4 of its levels.

You collected 218 gold pieces.

Inventory:

Hand Weapons
 e - a +0 club
 m - a +1 mace (weapon)
Missiles
 a - 59 arrows
Armour
 i - a +1 pair of boots (worn)
 k - a +0 buckler (worn)
 s - a +0 cloak of magic resistance (worn)
Scrolls
 f - a scroll of remove curse
 g - a scroll of blinking {unknown}
 o - 2 scrolls of identify
 t - 2 scrolls of enchant armour
Potions
 d - 2 potions of curing
 h - a potion of brilliance
Books
 b - a book of Changes

   Spells                             Type                      Level
   a - Beastly Appendage              Transmutation                1
   b - Sticks to Snakes               Transmutation                2
   c - Spider Form                    Transmutation/Poison         3
   d - Ice Form                       Ice/Transmutation            4
   e - Blade Hands                    Transmutation                5
 j - a book of Minor Magic

   Spells                             Type                      Level
   a - Magic Dart                     Conjuration                  1
   b - Blink                          Translocation                2
   c - Call Imp                       Summoning                    2
   d - Slow                           Hexes                        2
   e - Conjure Flame                  Conjuration/Fire             3
   f - Mephitic Cloud                 Conjuration/Poison/Air       3
Comestibles
 c - 2 bread rations
 n - a meat ration
 r - a royal jelly


   Skills:
 + Level 2.8 Fighting
 - Level 1.7 Dodging
 * Level 4.6 Unarmed Combat
 + Level 2.8 Spellcasting
 * Level 4.0 Transmutations


You had 4 spell levels left.
You knew the following spells:

 Your Spells              Type           Power        Failure   Level  Hunger
a - Beastly Appendage     Tmut           ##....       7%          1    #......
b - Sticks to Snakes      Tmut           ##......     11%         2    ##.....
c - Spider Form           Tmut/Pois      #.........   43%         3    ###....


Dungeon Overview and Level Annotations

Branches:
Dungeon (4/15)
 Temple: D:4-7

Altars:
Fedhas
Xom
Zin

Portals:
Ossuary: D:4

Annotations:
D:3 Sigmund; kae's ghost, weakling DrTm


Innate Abilities, Weirdness & Mutations

Your plain brown scales are hard. (AC +6)
You cannot fit into any form of body armour.
You are cold-blooded and may be slowed by cold attacks.
Your tail ends in a poisonous barb.
You tend to lose your temper in combat.
Scrolls take you a little longer to read.
You are clumsy. (Dex -2)


Message History

The mummy is heavily damaged.
The mummy hits you but does no damage.
You barely miss the mummy.
The mummy is heavily damaged.
The mummy hits you!
* * * LOW HITPOINT WARNING * * *
You hit the mummy.
The mummy is severely damaged.
You hit the mummy but do no damage.
The mummy is severely damaged.
The mummy closely misses you.
You hit the mummy.
The mummy is severely damaged.
The mummy hits you.
* * * LOW HITPOINT WARNING * * *
You hit the mummy.
The mummy is almost destroyed.
You are feeling hungry.
The mummy hits you.
You die...

######.##......#
#.#
#......##......#
#.#
#......##......#
#.#
#......##...#..#
#.####
#?.......(..##..
#....#
#......##..S###..
####.#
#......##...#.##..
#.#
#......##...#..##
#.#
#......###.@M^.∩#
#.#
#|.....##...#.^##
#.#
#########...#.##
#.# #...### #.#
#...?# #.# #.##.#
#. #.. .. #..


You could see a mummy and a friendly ball python.

Vanquished Creatures
  Crazy Yiuf (D:2)
  A worker ant (D:3)
  A hound skeleton (D:3)
  Robin (D:1)
  4 adders
  An ooze (D:1)
  A worm (D:4)
  12 dart slugs
  A leopard gecko (D:2)
  5 orcs (D:4)
  2 giant cockroaches
  13 goblins
  9 hobgoblins
  4 jackals (D:1)
  A quokka (D:2)
  A ball python (D:2)
  5 bats
  5 frilled lizards
  6 kobolds
  3 rats
77 creatures vanquished.

Vanquished Creatures (collateral kills)
  2 worker ants (D:4)
  2 adders
  An adder skeleton (D:4)
  A leopard gecko (D:3)
  A hobgoblin (D:3)
  A quokka (D:4)
8 creatures vanquished.

Grand Total: 85 creatures vanquished

Notes
Turn   | Place    | Note
-------+----------+-------------------------------------------
     0 | D:1      | kae the Draconian Transmuter began the quest for the Orb.
     0 | D:1      | Reached XP level 1. HP: 16/16 MP: 3/3
   467 | D:1      | Reached XP level 2. HP: 18/23 MP: 5/5
   541 | D:1      | Learned a level 2 spell: Sticks to Snakes
  1026 | D:1      | Reached XP level 3. HP: 19/29 MP: 6/6
  1484 | D:2      | Learned a level 3 spell: Spider Form
  1490 | D:2      | Found a blossoming altar of Fedhas.
  1494 | D:2      | Found a shimmering altar of Xom.
  1508 | D:2      | Found a glowing silver altar of Zin.
  1926 | D:2      | Noticed Robin
  1960 | D:1      | Killed Robin
  1960 | D:1      | Reached XP level 4. HP: 7/36 MP: 7/7
  2646 | D:2      | Found a runed door.
  3157 | D:2      | Noticed Crazy Yiuf
  3167 | D:2      | Killed Crazy Yiuf
  3479 | D:2      | Reached XP level 5. HP: 37/41 MP: 6/8
  3874 | D:3      | Gained mutation: You tend to lose your temper in combat. [potion of mutation]
  3874 | D:3      | Gained mutation: Scrolls take you a little longer to read. [potion of mutation]
  3874 | D:3      | Gained mutation: You are clumsy. (Dex -2) [potion of mutation]
  3874 | D:3      | Gained mutation: Your tail ends in a poisonous barb. [potion of mutation]
  3914 | D:3      | HP: 2/42 [poisoned by an adder]
  3926 | D:3      | Noticed kae's ghost (weakling DrTm)
  4436 | D:3      | Noticed Sigmund
  4893 | D:4      | Reached XP level 6. HP: 11/50 MP: 6/10
  4969 | D:4      | Found a sand-covered staircase.
  4979 | D:4      | HP: 2/50 [mummy (11)]
  4983 | D:4      | Slain by a mummy

Vault maps used:
D:1:      erik_arrival_triangle_medium
D:2:      zin_academy, grunt_temple_overflow_open, uniq_robin,
          uniq_crazy_yiuf_cottage
D:3:      kennysheep_slugbush, nicolae_dithmenos_shadow_blocks,
          lemuel_doored_altar, uniq_sigmund, uniq_ijyb
D:4:      gup_ossuary_entry_pyramid

Skill      XL: |  1  2  3  4  5 |
---------------+----------------+-----
Transmutations | 3 4 |  4.0
Fighting       | 2 |  2.8
Unarmed Combat | 4 |  4.6
Dodging        | |  1.7
Spellcasting   | |  2.8

Action                   |  1- 3 |  4- 6 || total
-------------------------+-------+-------++-------
Melee: Club              |    24 |       ||    24
       Unarmed           |     6 |    13 ||    19
       Tailslap          |    12 |    14 ||    26
       Mace              |   104 |   215 ||   319
       Headbutt          |     4 |    15 ||    19
       Kick              |     1 |       ||     1
 Cast: Beastly Appendage |    15 |    13 ||    28
       Spider Form       |       |     2 ||     2
       Sticks to Snakes  |       |     8 ||     8
  Use: Scroll            |     5 |     5 ||    10
       Potion            |       |     5 ||     5
 Stab: Distracted        |       |     1 ||     1
  Eat: Chunk             |     3 |    10 ||    13
       Royal jelly       |       |     1 ||     1
Armor: Skin              |    72 |   133 ||   205
Dodge: Dodged            |    86 |   235 ||   321
Block: Buckler           |    22 |    44 ||    66

Table legend:
 A = Spawn XP
 B = Non-spawn XP
 C = Spawn XP percentage of total XP
 D = Spawn monster count
 E = Non-spawn monster count
 F = Spawn count percentage of total count
 G = Total turns spent on level
                    A         B        C        D         E        F      G
               +---------+---------+-------+---------+---------+-------+---------
         Total |       0 |     393 |   0.0 |       0 |      85 |   0.0 |  4983
               +---------+---------+-------+---------+---------+-------+---------
           D:1 |       0 |      60 |   0.0 |       0 |      22 |   0.0 |  1624
           D:2 |       0 |     156 |   0.0 |       0 |      39 |   0.0 |  1991
           D:3 |       0 |      85 |   0.0 |       0 |      12 |   0.0 |   862
           D:4 |       0 |      92 |   0.0 |       0 |      12 |   0.0 |   506
               +---------+---------+-------+---------+---------+-------+---------
